 Dungeon Crawl Stone Soup version 0.28-a0-1184-g53156a8862 (webtiles) character file.

Game seed: 2625385133890025384

32 ytrimaz the Insei (level 3, 0/23 HPs)
             Began as an Octopode Transmuter on Dec 17, 2021.
             Slain by a quokka (5 damage)
             ... on level 1 of the Dungeon.
             The game lasted 00:01:03 (1362 turns).

ytrimaz the Insei (Octopode Transmuter)             Turns: 1362, Time: 00:01:04

Health: 0/23       AC:  1    Str:  9    XL:     3   Next: 27%
Magic:  6/6        EV: 13    Int: 17    God:
Gold:   63         SH:  0    Dex: 12    Spells: 0/6 levels left

rFire   . . .      SeeInvis .     - Unarmed
rCold   . . .      Faith    .   (no shield)
rNeg    . . .      Spirit   .   (helmet restricted)
rPois   .          Reflect  .   (no amulet)
rElec   .          Harm     .   (no ring)
rCorr   .          Rampage  .   (no ring)
Will    .....                   (no ring)
Stlth   ++........              (no ring)
HPRegen 0.07/turn               (no ring)
MPRegen 0.10/turn               (no ring)
                                (no ring)
                                (no ring)

@: no status effects
A: almost no armour, amphibious, 8 rings, camouflage 1, gelatinous body 1,
(nimble swimmer 1), tentacles
a: no special abilities


You were on level 1 of the Dungeon.
You visited 1 branch of the dungeon, and saw 2 of its levels.

You collected 63 gold pieces.

Inventory:

Scrolls
 e - a scroll of fear {unknown}
 f - a scroll of noise {unknown}
Potions
 a - a potion of brilliance {unknown}
 b - a potion of attraction {unknown}
 c - a potion of curing {unknown}
 d - a potion of lignification {unknown}


   Skills:
 * Level 1.4 Fighting
 * Level 2.2 Dodging
 + Level 3.4 Unarmed Combat
 * Level 2.3 Spellcasting
 * Level 2.3 Transmutations


You couldn't memorise any spells.
You knew the following spells:

 Your Spells              Type           Power      Damage    Failure   Level
a - Beastly Appendage     Tmut           18%        N/A       7%          1
b - Wereblood             Tmut           9%         N/A       11%         2
c - Spider Form           Tmut/Pois      5%         N/A       34%         3

Your spell library contained the following spells:

 Spells                   Type           Power      Damage    Failure   Level
 Ice Form                 Ice/Tmut       5%         N/A       75%         4


Dungeon Overview and Level Annotations

Branches:
Dungeon (2/15)

Altars:


Innate Abilities, Weirdness & Mutations

You cannot wear most types of armour.
You are amphibious.
You can wear up to eight rings at the same time.
Your skin changes colour to match your surroundings (Stealth+).
Your rubbery body absorbs attacks. (AC +1, EV +1)
((You are camouflaged near water. (Stealth+)))
You have tentacles for arms and can constrict up to eight enemies at once.


Message History

A bat and a quokka come into view.
There are monsters nearby!
There are monsters nearby!
There are monsters nearby!
A quokka comes into view.
You miscast Beastly Appendage.
You are very lightly contaminated with residual magic.
Nothing appears to happen.
The quokka misses you.
A ball python comes into view.
The quokka closely misses you. The bat closely misses you.
You tentacle-slap the quokka. Your grab misses the quokka.
The quokka is almost dead.
The bat barely misses you. The quokka closely misses you.
The quokka barely misses you. The quokka bites you.
You closely miss the quokka. Your grab misses the quokka.
The bat hits you but does no damage. The quokka bites you.
The quokka closely misses you.
You closely miss the quokka. Your grab misses the quokka.
The quokka is almost dead.
The bat closely misses you. The quokka barely misses you.
The quokka bites you but does no damage.
The quokka closely misses you.
Your magical contamination has completely faded away.
You closely miss the quokka. You grab the quokka.
The quokka is almost dead.
You constrict the quokka, but do no damage.
The bat hits you. The quokka bites you. The ball python closely misses you.
The ball python barely misses you. The quokka bites you.
You are too injured to fight recklessly!
You tentacle-slap the quokka.
You kill the quokka!
The bat hits you.
The quokka bites you but does no damage.
The ball python bites you.
* * * LOW HITPOINT WARNING * * *
The ball python barely misses you.
You are too injured to fight recklessly!
The quokka bites you.
You die...

#.+,8,,,,**
##########.####*,_,*********
......#........##,,,,8,+,,,*
...##...........##**,*,*,,,*
.................#,,,*,*,,,*
..#..............#+***,*,,,*
#.#.†#..........b#,,,,,*****#****
#..#..#,......S..###*##*,,,..,,,,
##....#,.......r@#.##.#*,,...,,,,
##...#####...##......#*,....,,,,
#..........###.....####.....,,,,
##.#...########..............,,,,
.....#...........###..#####..****
...........###....*##.......#*
.########..#....#.###.....###
.#########....###.....###...#
.#.#.#.#.#...## #...### **#.#**


You could see a quokka, a bat and a ball python.

Vanquished Creatures
  A gnoll (D:1)
  A dart slug (D:1)
  2 bats
  An endoplasm (D:2)
  A giant cockroach (D:1)
  A goblin (D:1)
  3 hobgoblins
  3 kobolds
  A quokka (D:1)
  A frilled lizard (D:2)
  3 rats (D:1)
18 creatures vanquished.

Notes
Turn   | Place    | Note
-------+----------+-------------------------------------------
     0 | D:1      | ytrimaz the Octopode Transmuter began the quest for the
                  | Orb.
     0 | D:1      | Reached XP level 1. HP: 13/13 MP: 3/3
   385 | D:1      | Reached XP level 2. HP: 12/18 MP: 3/5
   521 | D:1      | You fall into a shaft and drop 1 floor!
   750 | D:2      | Reached XP level 3. HP: 23/23 MP: 4/6
   753 | D:2      | Learned a level 2 spell: Wereblood
   757 | D:2      | Learned a level 3 spell: Spider Form
  1362 | D:1      | Slain by a quokka

Illustrated notes

Levels and vault maps discovered:
D:1:      lightli_arrival_chessboard, layout_rooms,
          shapermc_ecumenical_altar_ellora
D:2:      layout_loops_corners, minmay_fountain_box

Action                   || total
-------------------------++-------
Melee: Unarmed           ||    39
       Constrict         ||    12
       Tentacles         ||     7
       Kick              ||     3
 Cast: Beastly Appendage ||     7
  Use: Scroll            ||     4
 Stab: Sleeping          ||     3
Armor: Skin              ||     3
Dodge: Dodged            ||    38

Table legend: (Time is in decaauts)
 A = Elapsed time spent in this place.
 B = Non-inter-level travel time spent in this place.
 C = Inter-level travel time spent in this place.
 D = Time resting spent in this place.
 E = Time spent auto-exploring this place.
 F = Levels seen in this place.
 G = Mean time per level.
                   A        B        C        D        E       F      G
               +--------+--------+--------+--------+--------+-----+--------+
         Total |   1360 |   1313 |     47 |    172 |    940 |   2 |  680.0 |
       Dungeon |   1360 |   1313 |     47 |    172 |    940 |   2 |  680.0 |
               +--------+--------+--------+--------+--------+-----+--------+

Top non-repeatable levels by time:
     D:1: 763 daAuts
     D:2: 597 daAuts
